Map: Lerilak Crest

Players

ReGoR - Winner!

  • Race: Zerg Zerg

SirRobin

  • Race: Zerg Zerg
  • League: Platinum

Event: Gauntlet LotV Series 1 Qualifier 2

VOD

Have the link to the VOD?

Description

Time

  • Played on: Dec. 5, 2015, 1:53 p.m.
  • Length: 14:35

All games in this series

Show
View Real Time Build Order
Export as new Build Order

ReGoR Zerg - Winner!

Build Orders: Hatch First, Lurkers 

Get SALT Encoding   

  12  0:00  Drone  
  13  0:10  Drone  
  14  0:20  Overlord  
  14  0:25  Drone, Extractor  
  14  0:28  Extractor  
  13  0:29  Drone  
  16  0:39  Drone  
  17  0:53  Hatchery  
  16  0:57  Extractor  
  15  1:09  Spawning Pool  
  14  1:12  Drone  
  14  1:15  Drone  
  16  1:22  Drone  
  17  1:29  Overlord  
  17  1:35  Drone  
  18  1:49  Drone  
  19  1:56  Queen  
  19  1:57  Metabolic Boost  
  21  2:05  Queen  
  21  2:08  Zergling x2  
  24  2:12  Drone  
  25  2:15  Drone  
  25  2:18  Drone  
  25  2:21  Drone  
  28  2:28  Baneling Nest  
  27  2:35  Drone x2  
  29  2:38  Zergling x2  
  29  2:41  Drone  
  31  2:49  Overlord  
  31  2:50  Drone  
  29  3:01  Drone x2  
  29  3:06  Drone x3  
  32  3:15  Drone x4  
  36  3:30  Hatchery  
  36  3:34  Drone  
  36  3:36  Zergling x2  
  36  3:37  Zergling x2  
  36  3:39  Baneling  
  36  3:40  Baneling  
  38  3:42  Zergling x4  
  38  3:47  Zergling x4  
  42  3:51  Zergling x4  
  42  3:54  Overlord  
  42  4:10  Zergling x6  
  42  4:13  Zergling x12  
  50  4:18  Overlord  
  50  4:19  Drone x2  
  50  4:23  Baneling  
  50  4:24  Baneling x2  
  52  4:33  Overlord  
  52  4:34  Overlord  
  50  4:49  Drone x6  
  53  4:53  Extractor  
  53  4:55  Roach Warren, Extractor  
  47  5:10  Zergling x2  
  47  5:11  Zergling x14  
  51  5:17  Queen  
  51  5:19  Baneling x3  
  51  5:20  Baneling  
  55  5:35  Roach  
  55  5:36  Roach x8  
  55  5:42  Roach x2  
  66  5:52  Drone x4  
  66  5:53  Drone  
  66  5:54  Evolution Chamber  
  70  6:02  Lair  
  70  6:04  Drone  
  70  6:11  Roach x3  
  77  6:21  Zergling x10  
  77  6:24  Zerg Missile Weapons Level 1  
  77  6:25  Overlord  
  82  6:33  Overlord  
  82  6:37  Overlord  
  81  6:45  Zergling x6  
  81  6:46  Zergling x10  
  87  6:55  Drone x2  
  87  6:57  Drone x5  
  87  6:59  Drone  
  95  7:05  Glial Reconstitution  
  95  7:07  Drone x3  
  98  7:11  Ravager x3  
  98  7:12  Ravager  
  98  7:15  Drone x2, Extractor  
  103  7:16  Drone  
  103  7:22  Overlord  
  104  7:31  Drone  
  104  7:34  Overlord x2  
  105  7:42  Overlord x2  
  105  7:44  Drone  
  105  7:45  Drone x8  
  105  7:49  Overlord, Extractor x2  
  110  7:55  Pneumatized Carapace  
  110  8:00  Roach x3  
  110  8:03  Roach x5  
  126  8:07  Drone x3  
  126  8:11  Roach  
  131  8:15  Hydralisk Den  
  131  8:18  Roach  
  131  8:19  Roach x2  
  136  8:23  Ravager x3  
  136  8:24  Overlord, Ravager x3  
  142  8:27  Roach  
  142  8:28  Roach  
  146  8:37  Roach x4  
  153  8:54  Lurker Den  
  153  8:55  Roach x3  
  159  8:56  Roach  
  159  8:57  Overlord  
  161  9:03  Hatchery  
  161  9:07  Overlord  
  159  9:10  Zerg Missile Weapons Level 2  
  159  9:16  Roach x6  
  167  9:28  Roach x5  
  176  9:33  Overseer  
  176  9:34  Overlord x3  
  159  9:51  Roach x9  
  152  10:03  Roach  
  152  10:04  Roach x6  
  152  10:05  Roach  
  165  10:20  Roach x6  
  153  10:34  Roach x7  
  153  10:35  Roach x2  
  144  10:41  Ravager  
  130  10:44  Roach x2  
  130  10:45  Roach x3  
  133  11:03  Roach  
  133  11:04  Roach x3  
  141  11:05  Hydralisk x2  
  141  11:07  Queen  
  144  11:14  Drone x2  
  144  11:15  Drone x2  
  145  11:19  Extractor  
  145  11:20  Extractor  
  143  11:26  Hydralisk x5  
  145  11:37  Lurker x2  
  145  11:40  Drone  
  145  11:42  Roach x7  
  160  11:55  Lurker  
  160  11:57  Lurker  
  165  12:01  Lurker x3  
  165  12:04  Roach x9  
  183  12:14  Zerg Ground Armor Level 1  
  183  12:22  Roach  
  189  12:23  Roach x2  
  189  12:32  Hatchery  
  182  12:49  Roach x11  
  182  12:50  Roach x3  
  192  13:03  Roach x5  
  194  13:11  Roach  
  194  13:12  Roach x6  
  188  13:23  Roach x3  
  179  13:46  Roach x9  
  167  13:55  Roach x11  
  156  14:03  Ravager x3  
  156  14:04  Ravager  
  156  14:05  Ravager  
  161  14:14  Roach x6  
Show
View Real Time Build Order
Export as new Build Order

SirRobin Zerg 

Build Orders: Hatch First, Zergling Baneling 

Get SALT Encoding   

  12  0:01  Drone  
  13  0:08  Drone  
  14  0:16  Overlord  
  14  0:23  Drone, Extractor  
  15  0:34  Drone x2  
  17  0:52  Hatchery  
  17  0:55  Drone  
  17  0:58  Drone  
  18  1:12  Spawning Pool  
  18  1:13  Extractor  
  18  1:16  Drone  
  17  1:19  Drone  
  18  1:27  Drone  
  19  1:38  Drone  
  20  1:48  Overlord  
  20  1:58  Queen  
  22  2:05  Spine Crawler, Queen  
  22  2:06  Zergling x4  
  25  2:13  Drone  
  25  2:14  Metabolic Boost  
  26  2:17  Drone  
  26  2:22  Drone  
  28  2:25  Drone  
  29  2:31  Drone  
  30  2:40  Baneling Nest  
  30  2:42  Drone x2  
  31  3:03  Zergling x2  
  31  3:04  Zergling x6  
  33  3:07  Overlord  
  33  3:10  Drone  
  33  3:11  Drone x2  
  36  3:18  Overlord  
  36  3:23  Hatchery  
  35  3:28  Baneling x3  
  35  3:31  Drone  
  36  3:38  Drone x2  
  36  3:39  Drone x2  
  36  3:41  Drone  
  41  3:43  Drone  
  41  3:45  Drone  
  41  3:48  Drone  
  44  3:50  Drone  
  44  3:52  Drone  
  46  3:55  Zergling x2  
  46  3:56  Zergling x2  
  45  4:13  Extractor  
  45  4:14  Extractor  
  42  4:17  Roach Warren  
  42  4:18  Zergling x18  
  42  4:21  Baneling  
  50  4:31  Drone x2  
  50  4:35  Lair  
  54  4:40  Baneling x2  
  49  4:46  Baneling x2  
  49  4:47  Baneling  
  49  4:50  Zergling x14  
  53  5:03  Roach  
  53  5:04  Roach x2  
  55  5:15  Overlord x2  
  55  5:16  Overlord  
  55  5:27  Overlord x2  
  55  5:30  Hatchery  
  46  5:47  Zergling x16  
  46  5:48  Baneling  
  54  5:51  Glial Reconstitution  
  54  5:56  Drone x3  
  58  5:57  Drone  
  58  5:59  Queen  
  60  6:14  Zergling x8  
  62  6:30  Drone x4  
  66  6:34  Drone  
  66  6:35  Drone x2  
  66  6:36  Drone  
  70  6:44  Queen  
  70  6:45  Drone x3  
  75  6:48  Drone  
  76  6:55  Roach  
  76  6:56  Roach  
  76  6:57  Baneling  
  76  6:58  Baneling x5  
  80  7:01  Roach  
  80  7:08  Roach x7  
  96  7:10  Ravager x2  
  96  7:12  Overlord  
  96  7:14  Overlord  
  96  7:15  Overlord  
  98  7:32  Drone  
  98  7:35  Roach x8  
  98  7:36  Overlord  
  115  7:37  Drone x2  
  116  7:50  Drone x4  
  120  7:53  Extractor  
  120  7:54  Extractor  
  118  7:59  Evolution Chamber  
  118  8:01  Drone  
  118  8:02  Evolution Chamber, Drone  
  118  8:03  Overlord  
  118  8:04  Overlord x2  
  118  8:06  Hatchery  
  118  8:07  Roach x5  
  127  8:22  Overlord x2  
  127  8:28  Drone x2  
  127  8:29  Drone  
  127  8:31  Zerg Missile Weapons Level 1, Zerg Ground Armor Level 1  
  132  8:34  Roach  
  132  8:35  Roach x5  
  142  8:55  Overlord  
  141  9:09  Hatchery  
  138  9:21  Roach x13  
  138  9:22  Roach x2  
  168  9:26  Ravager  
  168  9:27  Ravager x7  
  168  9:28  Ravager  
  150  9:52  Spine Crawler  
  138  9:57  Roach  
  138  9:58  Roach x10  
  160  10:01  Overlord  
  160  10:02  Overlord, Ravager  
  160  10:06  Overseer  
  161  10:07  Overlord  
  145  10:33  Roach  
  145  10:34  Roach x8  
  101  11:03  Roach x10  
  119  11:06  Queen  
  119  11:11  Roach x3  
  127  11:15  Roach x3  
  127  11:16  Queen  
  120  11:36  Roach x9  
  120  11:38  Ravager  
  120  11:39  Ravager  
  140  11:40  Ravager  
  140  11:41  Ravager  
  142  11:51  Drone x2  
  142  11:52  Overlord  
  144  11:55  Zerg Missile Weapons Level 2  
  144  11:57  Zergling x10  
  144  11:58  Queen  
  151  12:05  Drone x3  
  154  12:11  Drone x2  
  156  12:16  Ravager x2  
  156  12:17  Ravager  
  159  12:26  Extractor  
  159  12:29  Roach x8  
  167  12:42  Roach  
  167  12:43  Roach x5  
  161  13:09  Roach x2  
  161  13:10  Roach x8  
  175  13:19  Burrow  
  164  13:30  Hatchery  
  125  13:55  Roach  
  88  13:56  Roach x8  
  102  14:06  Ravager  
  107  14:10  Roach x4  
  107  14:16  Ravager  
  109  14:18  Ravager  
Tags
 
Add a new tag
Caveats
  • Supply blocks, unpowered buildings, or Contaminate may cause inaccurate times.
  • Supply counts are checked every 10 seconds.